 Dungeon Crawl Stone Soup version 0.27-a0-1334-g2746e35aca (webtiles) character file.

Game seed: 12664278911984899568

105 dickylongcocking the Magician (level 5, 0/40 HPs)
             Began as a Djinni Hedge Wizard on June 27, 2021.
             Splashed by Ijyb's acid (6 damage)
             ... on level 3 of the Dungeon.
             The game lasted 00:02:03 (3354 turns).

dickylongcocking the Magician (Djinni Hedge Wizard) Turns: 3354, Time: 00:02:04

Health: 0/40       AC: -1    Str:  9    XL:     5   Next: 8%
Gold:   59         EV: 11    Int: 16    God:
                   SH:  0    Dex: 13

rFire    + + .     SeeInvis .   g - +1 dagger (antimagic)
rCold    x . .     Faith    .   (no shield)
rNeg     . . .     Spirit   .   o - +0 leather armour
rPois    ∞         Reflect  .   c - +0 hat
rElec    .         Harm     .   (no cloak)
rCorr    .         Rampage  .   (no gloves)
Will     .....                  (boots unavailable)
Stlth    ++........             (no amulet)
HPRegen  0.13/turn              (no ring)
MPRegen  0.00/turn              (no ring)

@: corroded, flying
A: sickness immunity, fire resistance 2, cold vulnerability 1, float, innate
caster, hp casting, extra vitality 1
a: no special abilities


You were on level 3 of the Dungeon.
You visited 1 branch of the dungeon, and saw 3 of its levels.

You collected 59 gold pieces.

Inventory:

Hand Weapons
 a - a +0 dagger
 g - a +1 antimagic dagger (weapon)
 m - a +0 whip of pain
Armour
 b - a +0 robe
 c - a +0 hat (worn)
 o - a +0 leather armour (worn)
Scrolls
 d - a scroll of noise {unknown}
 e - 3 scrolls of identify {unknown}
 h - a scroll of amnesia {unknown}
 k - a scroll of immolation {unknown}
 l - 2 scrolls of teleportation {unknown}
 s - a scroll of acquirement {unknown}
Potions
 f - a potion of heal wounds {unknown}
 i - 3 potions of degeneration {unknown}
 j - 2 potions of flight {unknown}
 n - 5 potions of curing {unknown}
 p - a potion of resistance {unknown}
 q - 2 potions of magic {unknown}
 r - a potion of cancellation {unknown}


   Skills:
 + Level 3.2 Fighting
 - Level 2.1 Dodging
 - Level 1.5 Stealth
 * Level 3.2 Spellcasting


You couldn't memorise any spells.
You knew the following spells:

 Your Spells              Type           Power      Damage    Failure   Level
a - Magic Dart            Conj           48%        1d5       7%          1
b - Blink                 Tloc           N/A        N/A       11%         2
c - Call Imp              Summ           12%        N/A       11%         2
d - Slow                  Hex            12%        N/A       11%         2
e - Conjure Flame         Conj/Fire      12%        6-21      21%         3
f - Mephitic Cloud        Conj/Pois/Air  12%        N/A       21%         3
g - Sting                 Tmut/Pois      48%        1d5       7%          1
h - Wereblood             Tmut           12%        N/A       11%         2
Your spell library was empty.

Dungeon Overview and Level Annotations

Branches:
Dungeon (3/15)

Altars:

Annotations:
D:3 1 runed translucent door, Crazy Yiuf, Ijyb


Innate Abilities, Weirdness & Mutations

You are immune to sickness and miasma.
You are immune to poison.
Your flesh is very heat resistant. (rF++)
You are vulnerable to cold. (rC-)
You float through the air rather than walking.
You learn spells naturally, not from books.
Your magical power is your life essence.
You have superior vitality. (+4 HP)


Message History

Unknown command.
Unknown command.
Casting: Call Imp (safe; 11% risk of failure)
Confirm with . or Enter, or press ? or * to list all spells.
A beastly little devil appears in a puff of frigid air.
Unknown command.
Ijyb shouts!
You swap places.
Ijyb hits you with a +0 club.
You hit Ijyb but do no damage. Ijyb closely misses you.
Unknown command.
You hit Ijyb.
Ijyb is lightly wounded.
Ijyb hits you with a +0 club.
Unknown command.
You hit Ijyb but do no damage.
Ijyb is lightly wounded.
Ijyb hits you with a +0 club.
Unknown command.
You hit Ijyb but do no damage.
Ijyb is lightly wounded.
Ijyb hits you with a +0 club.
Your crimson imp barely misses Ijyb.
Unknown command.
You closely miss Ijyb.
Ijyb is lightly wounded.
Your white imp hits Ijyb.
Your white imp freezes Ijyb.
Ijyb hits you with a +0 club.
Your crimson imp closely misses Ijyb.
Unknown command.
Casting: Call Imp (safe; 11% risk of failure)
Confirm with . or Enter, or press ? or * to list all spells.
Aiming: Magic Dart (safe; 7% risk of failure)
Press: ? - help, Shift-Dir - straight line, f - Ijyb
Aim: Ijyb, wielding a +0 club, wearing a +0 scale mail and carrying a wand of acid (11) (moderately wounded, ally target, 100% to hit)
The magic dart hits Ijyb but does no damage.
Ijyb is moderately wounded.
Your white imp closely misses Ijyb.
Ijyb zaps a wand.
The bolt of acid hits you!
* * * LOW HITPOINT WARNING * * *
The acid corrodes you!
You are splashed with acid.
You die...

≈. #≈.≈# .≈ ≈.≈ #≈.≈#
≈.≈ ≈.≈###≈.≈###≈.≈
≈≈≈≈.≈≈≈≈≈.≈≈≈≈≈.≈
................
≈≈≈.≈≈≈≈≈.≈≈≈ #≈.≈#
#≈g≈# .. #≈.≈# #5@5#
..≈###≈.≈###≈.≈###≈
#.≈≈≈≈≈.≈≈≈≈≈.≈≈≈≈≈.
#...................
##.##.#.##.###.##....
.. #.###.. .# .#.# ##
#.# #.#.# # # ####.#
.... ##...(## ##.


You could see Ijyb (ally target), a friendly crimson imp (summoned) and a
friendly white imp (summoned).

Vanquished Creatures
  6 adders (D:2)
  8 ball pythons
  2 endoplasms
  5 giant cockroaches
  3 goblins
  5 hobgoblins
  3 quokkas (D:2)
  2 bats (D:2)
  4 frilled lizards
  A kobold (D:2)
  2 rats (D:2)
41 creatures vanquished.

Vanquished Creatures (collateral kills)
  10 giant cockroaches (D:3)
10 creatures vanquished.

Grand Total: 51 creatures vanquished

Notes
Turn   | Place    | Note
-------+----------+-------------------------------------------
     0 | D:1      | dickylongcocking the Djinni Hedge Wizard began the quest
                  | for the Orb.
     0 | D:1      | Reached XP level 1. HP: 15/15 MP: 0/0
     2 | D:1      | Noticed a draconian
     4 | D:1      | Noticed a barachi
     4 | D:1      | Noticed a merfolk
     6 | D:1      | Noticed a demonspawn
     6 | D:1      | Noticed a troll
     8 | D:1      | Noticed a felid
     8 | D:1      | Noticed a demigod
    10 | D:1      | Noticed a vine stalker
    10 | D:1      | Noticed an ogre
    12 | D:1      | Noticed a spriggan
    14 | D:1      | Noticed a ghoul
    14 | D:1      | Noticed a human
    16 | D:1      | Noticed a minotaur
    16 | D:1      | Noticed a gargoyle
    18 | D:1      | Noticed a djinni
    20 | D:1      | Noticed an elf
    20 | D:1      | Noticed a formicid
    22 | D:1      | Noticed a naga
    22 | D:1      | Noticed a palentonga
    24 | D:1      | Noticed a tengu
    24 | D:1      | Noticed a vampire
    26 | D:1      | Noticed a dwarf
    26 | D:1      | Noticed an octopode
   201 | D:1      | Found a faded altar of an unknown god.
   323 | D:1      | Reached skill level 1 in Fighting
   505 | D:1      | Reached XP level 2. HP: 17/22 MP: 0/0
  1205 | D:2      | Reached XP level 3. HP: 22/29 MP: 0/0
  1205 | D:2      | Learned a level 1 spell: Sting
  2211 | D:2      | Reached XP level 4. HP: 25/34 MP: 0/0
  2925 | D:3      | Found a runed translucent door.
  2926 | D:3      | Noticed Crazy Yiuf
  3028 | D:3      | Reached XP level 5. HP: 20/40 MP: 0/0
  3028 | D:3      | Learned a level 2 spell: Wereblood
  3342 | D:3      | Noticed Ijyb
  3354 | D:3      | Splashed by Ijyb's acid

Illustrated notes

Levels and vault maps discovered:
D:1:      kb_arrival_jail, layout_loops_ring, hellmonk_ecumenical_altar_zigzags
D:2:      layout_loops_ring, minmay_snake_closets
D:3:      minmay_roachtagon, layout_loops_ring, kennysheep_boxes, uniq_ijyb,
          uniq_sigmund, uniq_crazy_yiuf_cottage, uniq_robin

Skill      XL: |  1  2  3  4 |
---------------+-------------+-----
Fighting       | 1 2 3 |  3.2
Spellcasting   | 3 |  3.2
Dodging        | |  2.1
Stealth        | |  1.5

Action                   |  1- 3 |  4- 6 || total
-------------------------+-------+-------++-------
Melee: Dagger            |     2 |    14 ||    16
 Cast: Magic Dart        |    73 |    42 ||   115
       Blink             |       |     3 ||     3
       Call Imp          |       |     8 ||     8
Armor: Robe              |     4 |       ||     4
       Leather armour    |     1 |    19 ||    20
Dodge: Dodged            |    17 |    37 ||    54

Table legend: (Time is in decaauts)
 A = Elapsed time spent in this place.
 B = Non-inter-level travel time spent in this place.
 C = Inter-level travel time spent in this place.
 D = Time resting spent in this place.
 E = Time spent auto-exploring this place.
 F = Levels seen in this place.
 G = Mean time per level.
                   A        B        C        D        E       F      G
               +--------+--------+--------+--------+--------+-----+--------+
         Total |   3352 |   3245 |    107 |      0 |   2986 |   3 | 1117.3 |
       Dungeon |   3352 |   3245 |    107 |      0 |   2986 |   3 | 1117.3 |
               +--------+--------+--------+--------+--------+-----+--------+

Top non-repeatable levels by time:
     D:2: 1824 daAuts
     D:1: 1045 daAuts
     D:3: 481 daAuts
